 Dungeon Crawl Stone Soup version 0.20.1-1-g8b1a95d (webtiles) character file.

478 Ladykiller69 the Magician (level 6, 1/32 HPs)
             Began as a Deep Elf Air Elementalist on July 9, 2017.
             Quit the game on level 5 of the Dungeon.
             The game lasted 00:16:50 (2814 turns).

Ladykiller69 the Magician (DEAE)                    Turns: 2814, Time: 00:16:50

Health: 1/32       AC:  6    Str:  4 (5)  XL:     6   Next: 85%
Magic:  10/16      EV: 13    Int: 19 (22) God:
Gold:   151        SH:  0    Dex: 14 (15) Spells: 9/16 levels left

rFire    . . .     SeeInvis .   (no weapon)
rCold    . . .     Gourm    .   (no shield)
rNeg     . . .     Faith    .   a - +0 robe
rPois    .         Spirit   .   (no helmet)
rElec    .         Reflect  .   (no cloak)
rCorr    .         Harm     .   w - +0 pair of gloves
MR       .....                  l - +2 pair of boots
Stlth    ++........             (no amulet)
Regen    0.1/turn               (no ring)
MPRegen  0.2/turn               (no ring)

@: lethally poisoned (1 -> -11), very slightly contaminated, hasted, very quick
A: no striking features
a: no special abilities


You were on level 5 of the Dungeon.
You were hungry.

You visited 1 branch of the dungeon, and saw 5 of its levels.

You collected 151 gold pieces.

Inventory:

Armour
 a - a +0 robe (worn)
 l - a +2 pair of boots (worn)
 w - a +0 pair of gloves (worn)
Jewellery
 d - an uncursed ring of protection from magic {unknown}
Wands
 r - a wand of iceblast (5/15)
Scrolls
 e - 2 scrolls of amnesia {unknown}
 g - 3 scrolls of teleportation
 i - a scroll of recharging {unknown}
 k - 6 scrolls of identify
 p - a scroll of immolation {unknown}
 q - a scroll of noise {unknown}
 s - a scroll of blinking {unknown}
 t - a scroll of magic mapping {unknown}
Potions
 v - a potion of degeneration
Books
 b - a book of Air

   Spells                             Type                      Level
   a - Shock                          Conjuration/Air              1
   b - Swiftness                      Charms/Air                   2
   c - Static Discharge               Conjuration/Air              3
   d - Airstrike                      Air                          4
   e - Lightning Bolt                 Conjuration/Air              5
Comestibles
 c - 7 bread rations
 f - 13 fruits
 h - a meat ration
 n - a royal jelly
 z - 2 chunks of flesh


   Skills:
 - Level 3.0 Dodging
 - Level 3.2 Stealth
 + Level 5.6 Spellcasting
 + Level 4.1 Conjurations
 * Level 5.2 Air Magic


You had 9 spell levels left.
You knew the following spells:

 Your Spells              Type           Power        Failure   Level  Hunger
a - Shock                 Conj/Air       ###.         1%          1    None
b - Swiftness             Chrm/Air       ###.....     6%          2    None
c - Airstrike             Air            ####......   13%         4    ####...


Dungeon Overview and Level Annotations

Branches:
Dungeon (4/15)
 Temple: D:4-7

Altars:
Sif Muna

Annotations:
D:3 Ladykiller69's ghost, amateur DEIE
D:5 Prince Ribbit


Message History

Confirm with . or Enter, or press ? or * to list all spells.
Aiming: Shock
Press: ? - help, Shift-Dir - straight line You miscast Shock.
You are very lightly contaminated with residual magic.
Nothing appears to happen.
* * * LOW HITPOINT WARNING * * *
You feel sick.
The worker ant bites you but does no damage.
Prince Ribbit closely misses you.
Unknown command.
Casting: Shock
Confirm with . or Enter, or press ? or * to list all spells.
Aiming: Shock
Press: ? - help, Shift-Dir - straight line The zap misses Prince Ribbit.
The zap hits Prince Ribbit.
Prince Ribbit is severely wounded.
* * * LOW HITPOINT WARNING * * *
You feel sick.
Are you sure you want to abandon this character and quit the game? (Confirm with "yes".)

###### #....# #### #########
#....# ## #..###.......#
#....# ..#####...######...#
##....#
...............F...####.....#
....##..#......a@...........#
....##.##.#...##...#####....#
....#.....###.###### #....#
#.....>#### #..# ###.##
.......# ##.# #.# .....a.# ..
#.# ........ ... #.# .......
>... #.## .... #..###


You could see Prince Ribbit and a worker ant.

Vanquished Creatures
  Sigmund (D:3)
  The ghost of Oddysee the Sneak, an amateur SpAs of Dithmenos (D:4)
  2 orc wizards (D:4)
  A gnoll shaman (D:3)
  An iguana (D:4)
  3 adders
  A shadow imp (D:5)
  An ooze (D:1)
  An adder skeleton (D:4)
  A worm (D:2)
  2 leopard geckos
  An orc (D:4)
  9 bats
  4 giant cockroaches
  4 goblins
  6 hobgoblins
  3 jackals (D:3)
  3 quokkas
  A ball python skeleton (D:4)
  8 frilled lizards
  10 kobolds
  A leopard gecko skeleton (D:4)
  6 rats
71 creatures vanquished.

Notes
Turn   | Place    | Note
-------+----------+-------------------------------------------
     0 | D:1      | Ladykiller69 the Deep Elf Air Elementalist began the quest for the Orb.
     0 | D:1      | Reached XP level 1. HP: 10/10 MP: 6/6
   368 | D:1      | Reached XP level 2. HP: 10/15 MP: 1/8
   897 | D:2      | Reached XP level 3. HP: 19/19 MP: 3/10
  1208 | D:2      | Learned a level 2 spell: Swiftness
  1409 | D:3      | Noticed Ladykiller69's ghost (amateur DEIE)
  1419 | D:3      | Reached XP level 4. HP: 24/24 MP: 6/11
  1635 | D:3      | Found a deep blue altar of Sif Muna.
  1745 | D:3      | Noticed Sigmund
  1781 | D:4      | Noticed Oddysee's ghost (amateur SpAs)
  1793 | D:4      | Killed Oddysee's ghost
  1793 | D:4      | Reached XP level 5. HP: 23/28 MP: 5/14
  2142 | D:4      | Reached skill level 5 in Spellcasting
  2169 | D:4      | Reached XP level 6. HP: 29/32 MP: 9/15
  2625 | D:3      | Killed Sigmund
  2625 | D:3      | Reached skill level 5 in Air Magic
  2649 | D:3      | Learned a level 4 spell: Airstrike
  2699 | D:3      | You fall through a shaft for 2 floors!
  2699 | D:5      | Entered Level 5 of the Dungeon
  2699 | D:5      | Noticed an ice beast
  2791 | D:5      | Noticed Prince Ribbit
  2813 | D:5      | HP: 1/32 [poisoned by a worker ant]
  2814 | D:5      | Quit the game

Skill      XL: |  1  2  3  4  5  6 |
---------------+-------------------+-----
Dodging        | 3 |  3.0
Stealth        | 3 |  3.2
Conjurations   | 2 3 4 |  4.1
Spellcasting   | 4 5 |  5.6
Air Magic      | 4 5 |  5.2

Action                   |  1- 3 |  4- 6 || total
-------------------------+-------+-------++-------
 Cast: Shock             |    73 |    80 ||   153
  Use: Potion            |       |     6 ||     6
       Scroll            |       |     2 ||     2
  Eat: Chunk             |     1 |     4 ||     5
Armor: Robe              |     7 |     9 ||    16
Dodge: Dodged            |    13 |    20 ||    33
